 Dungeon Crawl Stone Soup version 0.13.1-17-g0f9d4ff (webtiles) character file.

123 Lilouch the Skirmisher (level 4, -5/36 HPs)
             Began as a Mummy Fighter on Dec 14, 2013.
             Killed by divine providence
             ... invoked by an orc priest
              (10 damage)
             ... on Level 3 of the Dungeon.
             The game lasted 00:03:21 (1582 turns).

Lilouch the Skirmisher (Mummy Fighter)              Turns: 1582, Time: 00:03:21

HP  -5/36        AC  8     Str 20      XL: 4   Next: 18%
MP   3/3         EV  4     Int  7      God:
Gold 43          SH 18     Dex 11      Spells:  0 memorised,  3 levels left

Res.Fire  : x . .   See Invis. : .   a - +0 trident
Res.Cold  : + . .   Warding    : .   i - +0 orc chain mail
Life Prot.: + + +   Conserve   : .   c - +0 shield
Res.Poison: +       Res.Corr.  : .   j - -2 plumed helmet (curse)
Res.Elec. : .       Clarity    : .   (no cloak)
Sust.Abil.: . .     Spirit.Shd : .   (no gloves)
Res.Mut.  : .       Stasis     : .   (no boots)
Res.Rott. : +       Flight     : .   (no amulet)
Saprovore : . . .                    (no ring)
                                     (no ring)

@: slightly resistant to hostile enchantments, extremely unstealthy
A: no food or potions, fire vulnerability, restore body, cold resistance 1, life
protection 3, poison resistance, torment resistance, unbreathing
a: no special abilities


You were on level 3 of the Dungeon.
You were not hungry.

You visited 1 branch of the dungeon, and saw 4 of its levels.

You collected 23 gold pieces.

Inventory:

Hand weapons
 a - a +0,+0 trident (weapon)
 l - a +0 blowgun
Missiles
 h - 8 silver darts (quivered)
 k - 2 poisoned needles
Armour
 b - a +0 scale mail
 c - a +0 shield (worn)
 i - a +0 orcish chain mail (worn)
 j - a cursed -2 plumed helmet (worn)
Scrolls
 d - 8 scrolls of identify {unknown}
 f - 2 scrolls of enchant armour {unknown}
 g - a scroll of enchant weapon I {unknown}
Jewellery
 e - a +4 ring of protection {unknown}


   Skills:
 - Level 3.0 Fighting
 + Level 2.6 Polearms
 + Level 3.0 Armour
 + Level 3.0 Shields


You had 3 spell levels left.
You didn't know any spells.

Dungeon Overview and Level Annotations

Branches:
Dungeon (4/27)
 Temple: D:4-7

Altars:


Innate Abilities, Weirdness & Mutations

You do not eat or drink.
Your flesh is vulnerable to fire.
Your flesh is cold resistant.
You are immune to negative energy.
Your system is resistant to poisons.
You are immune to unholy pain and torment.
You can survive without breathing.


Message History

Press: ? - help, Dir - move target cursor, f/p - orc priest
Aim: an orc priest, wielding an orcish falchion and wearing an orcish leather armour (severely wounded)
You hit the orc priest but do no damage.
The orc priest is severely wounded.
The orc priest hits you with an orcish falchion.
You closely miss the orc priest.
The orc priest is severely wounded.
You block the orc priest's attack.
The orc priest invokes the aid of Beogh against you.
Something smites you!
* * * LOW HITPOINT WARNING * * *
You hit the orc priest.
The orc priest is almost dead.
The orc priest hits you with an orcish falchion.
* * * LOW HITPOINT WARNING * * *
You closely miss the orc priest.
The orc priest is almost dead.
The orc priest calls down the wrath of Beogh upon you.
Something smites you!
You die...

##### # # #
######.###
######.(......#
#......o(......o .
#o# ###. #o# #...
#o# #..## #@#
#..##.#####>#
#..##.......#
#..#####.#### ###
#...%....#####.#
..####...####.)....#
#........#
#.####.....
####...#.# #%# .
#.###.# #.#


You could see an orc priest and 3 orcs.

Vanquished Creatures
  2 adders
  An inept feature mimic (D:2)
  A worm (D:2)
  2 giant geckos
  An orc (D:3)
  A giant cockroach (D:3)
  9 hobgoblins
  4 jackals (D:3)
  4 kobolds
  5 bats
  3 giant newts
  5 goblins
  6 rats
44 creatures vanquished.

Notes
Turn   | Place    | Note
--------------------------------------------------------------
     0 | D:1      | Lilouch, the Mummy Fighter, began the quest for the Orb.
     0 | D:1      | Reached XP level 1. HP: 18/18 MP: 0/0
    78 | D:1      | Reached XP level 2. HP: 17/24 MP: 1/1
   703 | D:2      | Reached XP level 3. HP: 23/30 MP: 2/2
  1516 | D:3      | Reached XP level 4. HP: 30/36 MP: 3/3
  1582 | D:3      | Killed from afar by an orc priest

Action                   |  1- 3 |  4- 6 || total
-------------------------+-------+-------++-------
Melee: Trident           |   119 |    31 ||   150
 Fire: Blowgun           |       |     4 ||     4
